 Dungeon Crawl Stone Soup version 0.27-a0-416-gca2cecf3c0 (webtiles) character file.

Game seed: 4094596054057086362

976 rednaxela the Magician (level 7, 0/32 HPs)
             Began as a Spriggan Earth Elementalist on Feb 24, 2021.
             Slain by Grinder (6 damage)
             ... on level 5 of the Dungeon.
             The game lasted 00:18:15 (6451 turns).

rednaxela the Magician (SpEE)                       Turns: 6451, Time: 00:18:16

Health: 0/32       AC:  6    Str:  4    XL:     7   Next: 95%
Magic:  9/19       EV: 17    Int: 19    God:
Gold:   298        SH:  0    Dex: 15    Spells: 11/21 levels left

rFire    . . .     SeeInvis +   n - +0 spear (freeze)
rCold    . . .     Faith    .   (shield restricted)
rNeg     . . .     Spirit   .   c - +0 robe
rPois    .         Reflect  .   (helmet restricted)
rElec    .         Harm     .   (no cloak)
rCorr    .         Rampage  .   (gloves unavailable)
Will     +....                  (boots unavailable)
Stlth    ++........             r - amulet of magic regeneration
HPRegen  0.10/turn              o - +4 ring of protection
MPRegen  0.41/turn              (no ring)

@: very slightly contaminated, very quick
A: very small, unfitting armour, see invisible, speed 3
a: no special abilities


You were on level 5 of the Dungeon.
You visited 1 branch of the dungeon, and saw 6 of its levels.

You collected 298 gold pieces.

Inventory:

Hand Weapons
 e - a +0 shortbow
   (You found it on level 3 of the Dungeon)
 n - a +0 spear of freezing (weapon)
   (You found it on level 2 of the Dungeon)
 t - a +3 dagger
   (You found it on level 3 of the Dungeon)
Missiles
 b - 7 stones
 q - 90 arrows
 v - 14 poisoned darts
Armour
 c - a +0 robe (worn)
 p - a +0 buckler
   (You found it on level 2 of the Dungeon)
Magical Staves
 l - a staff of conjuration
   (You found it on level 2 of the Dungeon)
Jewellery
 o - a +4 ring of protection (left hand)
   (You found it on level 2 of the Dungeon)
 r - an amulet of magic regeneration (around neck)
   (You found it on level 3 of the Dungeon)
Wands
 g - a wand of acid (7) {@v1}
   (You found it on level 5 of the Dungeon)
 k - a wand of flame (24) {@v4}
   (You found it on level 2 of the Dungeon)
Scrolls
 d - a scroll of immolation
 j - a scroll of fear {!r}
 m - 3 scrolls of fog {!r}
 s - 2 scrolls of teleportation {@r3 !r}
 u - a scroll of blinking {@r4}
 x - a scroll of amnesia
 y - a scroll of noise {unknown}
Potions
 a - 4 potions of curing {unknown}
 f - a potion of mutation {unknown}
 h - 3 potions of heal wounds {unknown}
 i - a potion of brilliance {unknown}
 w - 2 potions of haste {unknown}
 z - a potion of lignification {unknown}
 A - a potion of attraction {unknown}


   Skills:
 - Level 2.6 Dodging
 - Level 3.0 Stealth
 - Level 7.9 Spellcasting
 + Level 1.6 Conjurations
 - Level 1.3 Transmutations
 - Level 6.2 Earth Magic


You had 11 spell levels left.
You knew the following spells:

 Your Spells              Type           Power        Failure   Level
a - Sandblast             Erth           62%          1%          1
b - Stone Arrow           Conj/Erth      44%          5%          3
c - Petrify               Tmut/Erth      22%          19%         4
W - Passwall              Tmut/Erth      18%          3%          2

Your spell library contained the following spells:

 Spells                   Type           Power        Failure   Level
 Lee's Rapid Deconstruct  Erth           15%          19%         5


Dungeon Overview and Level Annotations

Branches:
Dungeon (6/15)
 Temple: D:4-7

Altars:
Ashenzari
Hepliaklqana
Okawaru
Yredelemnul

Annotations:
D:5 Grinder


Innate Abilities, Weirdness & Mutations

You are very small and have problems with some larger weapons.
You are too small for most types of armour.
You have supernaturally acute eyesight. (SInv)
You cover ground extremely quickly.


Message History

Aim: an orc, wielding a +0 short sword (29% to evade)
The stone arrow hits the orc!
You kill the orc!
Casting: Stone Arrow (dangerous; 5% risk of failure)
Confirm with . or Enter, or press ? or * to list all spells.
Aiming: Stone Arrow (dangerous; 5% risk of failure)
Press: ? - help, Shift-Dir - straight line, f - orc
Aim: an orc, wielding a +0 whip (29% to evade)
The stone arrow hits the orc!
You kill the orc!
You start resting.
Magic restored.
a - 4 bubbling black potions (gained 1)
You now have 276 gold pieces (gained 10).
Things that are here:
a +0 dagger; a +0 robe; an orc corpse You now have 289 gold pieces (gained 13).
Things that are here:
a +0 whip; an orc corpse You now have 298 gold pieces (gained 9).
Items here: )) ††.
There is a large open door here.
You open the large door.
There is a large open door here.
There is a large open door here.
q - 90 arrows (gained 21)
You open the large door.
There is a large open door here.
There is a large open door here.
Found a robe.
You see here a +0 robe.
Done exploring.
Done exploring.
Done exploring.
Done exploring.
Search for what [Enter for "arrow", or ? for help]?
D: Done exploring.
There is a stone staircase leading down here.
You climb downwards.
A white imp comes into view.
Found a leather armour.
There is a stone staircase leading up here.
Grinder comes into view.
Grinder shouts!
The white imp shouts!
Grinder gestures at you. Pain shoots through your body!
The white imp grinds its teeth.
Found a murky inky potion.
Casting: Stone Arrow (dangerous; 5% risk of failure)
Confirm with . or Enter, or press ? or * to list all spells.
Aiming: Stone Arrow (dangerous; 5% risk of failure)
Press: ? - help, Shift-Dir - straight line, f - Grinder
Aim: Grinder (32% to evade)
The stone arrow hits Grinder!!
Grinder is heavily wounded.
There is a stone staircase leading up here.
Casting: Stone Arrow (dangerous; 5% risk of failure)
Confirm with . or Enter, or press ? or * to list all spells.
Aiming: Stone Arrow (dangerous; 5% risk of failure)
Press: ? - help, Shift-Dir - straight line, f/p - Grinder
Aim: Grinder (heavily wounded, 32% to evade)
You miscast Stone Arrow.
You are very lightly contaminated with residual magic.
Nothing appears to happen.
Grinder gestures at you. Pain shoots through your body!
* * * LOW HITPOINT WARNING * * *
Casting: Stone Arrow (dangerous; 5% risk of failure)
Confirm with . or Enter, or press ? or * to list all spells.
Aiming: Stone Arrow (dangerous; 5% risk of failure)
Press: ? - help, Shift-Dir - straight line, f/p - Grinder
Aim: Grinder (heavily wounded, 32% to evade)
The stone arrow misses Grinder.
The white imp gestures at you. The puff of frost misses you.
Casting: Stone Arrow (dangerous; 5% risk of failure)
Confirm with . or Enter, or press ? or * to list all spells.
Aiming: Stone Arrow (dangerous; 5% risk of failure)
Press: ? - help, Shift-Dir - straight line, f/p - Grinder
Aim: Grinder (heavily wounded, 32% to evade)
The stone arrow hits Grinder!
Grinder is severely wounded.
The white imp gestures at you. The puff of frost hits you!
* * * LOW HITPOINT WARNING * * *
Grinder gestures at you. You resist with significant effort.
You climb upwards.
There is a stone staircase leading down here.
Casting: Stone Arrow (dangerous; 5% risk of failure)
Confirm with . or Enter, or press ? or * to list all spells.
Aiming: Sandblast (safe; 1% risk of failure)
Press: ? - help, Shift-Dir - straight line, f - Grinder
Aim: Grinder (severely wounded, 20% to evade)
The blast of sand hits Grinder.
Grinder is almost dead.
Grinder hits you.
* * * LOW HITPOINT WARNING * * *
You writhe in agony.
You die...

##....##. ##......
#### ####...
#..##### #...
##...#..# ###..
#.......# #....
###..##..# #....
##...###..#####...
#@5..#......#...##
##................
###..............
#................
##..##...........
#...............#
###..###........#
#### #..#......
##.#####..


You could see Grinder.

Vanquished Creatures
  2 ogres
  2 centaurs
  A howler monkey (D:5)
  2 bullfrog zombies (D:4)
  A hound (D:3)
  An orc priest (D:5)
  2 centaur skeletons (D:4)
  2 bullfrog skeletons (D:5)
  An iguana (D:4)
  3 orc wizards (D:5)
  2 worker ants
  A worker ant zombie (D:4)
  A gnoll (D:1)
  8 adders
  2 white imps (D:5)
  3 oozes
  4 dart slugs
  4 leopard geckos
  14 orcs
  3 ball pythons
  7 bats
  A giant cockroach (D:1)
  6 goblins
  7 hobgoblins
  3 jackals
  2 kobolds
  4 quokkas
  2 frilled lizards
  A giant cockroach zombie (D:4)
  A jackal zombie (D:4)
  A quokka zombie (D:4)
  4 rats
98 creatures vanquished.

Vanquished Creatures (others)
  2 withered plants (D:4)
2 creatures vanquished.

Grand Total: 100 creatures vanquished

Notes
Turn   | Place    | Note
-------+----------+-------------------------------------------
     0 | D:1      | rednaxela the Spriggan Earth Elementalist began the quest
                  | for the Orb.
     0 | D:1      | Reached XP level 1. HP: 9/9 MP: 5/5
    49 | D:1      | Reached skill level 3 in Spellcasting
   241 | D:1      | Reached skill level 3 in Earth Magic
   241 | D:1      | Reached XP level 2. HP: 1/13 MP: 2/7
  1127 | D:1      | Reached XP level 3. HP: 14/16 MP: 9/9
  1664 | D:2      | Reached skill level 4 in Spellcasting
  1831 | D:2      | Reached XP level 4. HP: 17/21 MP: 7/11
  2133 | D:2      | Found a hazy altar of Hepliaklqana.
  2136 | D:2      | Found a broken altar of Ashenzari.
  2136 | D:2      | Found a basalt altar of Yredelemnul.
  2136 | D:2      | Found an iron altar of Okawaru.
  2678 | D:3      | Reached skill level 4 in Earth Magic
  2888 | D:3      | Learned a level 2 spell: Passwall
  2892 | D:3      | Learned a level 3 spell: Stone Arrow
  2897 | D:3      | Learned a level 4 spell: Petrify
  2979 | D:3      | Reached skill level 5 in Spellcasting
  2979 | D:3      | Reached XP level 5. HP: 24/24 MP: 8/13
  3654 | D:4      | Reached XP level 6. HP: 28/28 MP: 15/15
  3695 | D:4      | Reached skill level 6 in Spellcasting
  3695 | D:4      | Reached skill level 5 in Earth Magic
  4347 | D:5      | Entered Level 5 of the Dungeon
  4607 | D:4      | Reached XP level 7. HP: 9/32 MP: 15/18
  4846 | D:5      | Reached skill level 7 in Spellcasting
  5653 | D:5      | Reached skill level 6 in Earth Magic
  6131 | D:5      | Reached skill level 1 in Conjurations
  6442 | D:6      | Noticed Grinder
  6451 | D:5      | Slain by Grinder

Illustrated notes

Levels and vault maps discovered:
D:1:      tarquinn_simple_flora_water_c, layout_basic, serial_bayou_pond_e
D:2:      layout_basic, grunt_temple_overflow_open
D:3:      minmay_wonky_spiral, layout_rooms
D:4:      layout_loops_corners, serial_undead, serial_undead_d, serial_undead_e,
          serial_undead_e, serial_undead_c, serial_undead_f
D:5:      layout_cave_pools, kennysheep_dice
D:6:      layout_layer_cave, marbit_many_paths, minmay_temple_entry_fiery,
          uniq_edmund, uniq_grinder

Skill      XL: |  1  2  3  4  5  6  7 |
---------------+----------------------+-----
Spellcasting   | 3 4 5 6 7 |  7.9
Earth Magic    | 3 4 5 6 |  6.2
Conjurations   | 1 |  1.6
Dodging        | |  2.6
Stealth        | |  3.0
Transmutations | |  1.3

Action                   |  1- 3 |  4- 6 |  7- 9 || total
-------------------------+-------+-------+-------++-------
Melee: Mace              |    11 |       |       ||    11
       Short sword       |    52 |       |       ||    52
       Spear             |       |    37 |     1 ||    38
 Cast: Sandblast         |    28 |    75 |    33 ||   136
       Stone Arrow       |       |    11 |    11 ||    22
  Use: Scroll            |       |     6 |       ||     6
 Stab: Sleeping          |     4 |     3 |     1 ||     8
Armor: Robe              |     5 |    18 |     3 ||    26
Dodge: Dodged            |    60 |    51 |    16 ||   127

Table legend: (Time is in decaauts)
 A = Elapsed time spent in this place.
 B = Non-inter-level travel time spent in this place.
 C = Inter-level travel time spent in this place.
 D = Time resting spent in this place.
 E = Time spent auto-exploring this place.
 F = Levels seen in this place.
 G = Mean time per level.
                   A        B        C        D        E       F      G
               +--------+--------+--------+--------+--------+-----+--------+
         Total |   4980 |   4709 |    271 |   1613 |   1933 |   6 |  830.0 |
       Dungeon |   4980 |   4709 |    271 |   1613 |   1933 |   6 |  830.0 |
               +--------+--------+--------+--------+--------+-----+--------+

Top non-repeatable levels by time:
     D:4: 2048 daAuts
     D:1: 1101 daAuts
     D:2: 818 daAuts
     D:5: 563 daAuts
     D:3: 440 daAuts
     D:6: 8 daAuts
